 Dungeon Crawl Stone Soup version 0.28-a0-863-g8cecda6153 (webtiles) character file.

Game seed: 13681022507615953804

665 kae the Chiller (level 7, -1/55 HPs)
             Began as a Merfolk Ice Elementalist on Nov 18, 2021.
             Slain by a bullfrog skeleton (2 damage)
             ... on level 5 of the Dungeon.
             The game lasted 00:03:32 (4604 turns).

kae the Chiller (Merfolk Ice Elementalist)          Turns: 4604, Time: 00:03:32

Health: -1/55      AC:  3    Str: 10    XL:     7   Next: 57%
Magic:  5/13       EV: 12    Int: 14    God:
Gold:   99         SH:  0    Dex: 15    Spells: 8/15 levels left

rFire   . . .      SeeInvis .   q - +0 halberd
rCold   . . .      Faith    .   (shield currently unavailable)
rNeg    + . .      Spirit   .   a - +0 robe
rPois   .          Reflect  .   k - +0 helmet
rElec   .          Harm     .   (no cloak)
rCorr   .          Rampage  .   (no gloves)
Will    .....                   (no boots)
Stlth   ++........              (no amulet)
HPRegen 0.18/turn               g - ring of positive energy
MPRegen 0.13/turn               (no ring)

@: no status effects
A: (nimble swimmer 2), mertail
a: no special abilities


You were on level 5 of the Dungeon.
You visited 1 branch of the dungeon, and saw 5 of its levels.

You collected 99 gold pieces.

Inventory:

Hand Weapons
 d - a +0 vampiric mace
 i - a +3 dagger of venom
 q - a +0 halberd (weapon)
Armour
 a - a +0 robe (worn)
 k - a +0 helmet (worn)
Jewellery
 g - a ring of positive energy (left hand)
 r - a ring of wizardry
Scrolls
 h - a scroll of enchant weapon
 n - 2 scrolls of teleportation
 s - a scroll of fear
Potions
 b - 2 potions of attraction
 c - a potion of flight
 e - 4 potions of might
 f - a potion of degeneration
 j - a potion of curing
 l - 2 potions of mutation
 m - a potion of resistance {unknown}
 o - a potion of haste {unknown}
 p - 2 potions of brilliance {unknown}


   Skills:
 + Level 4.8 Fighting
 - Level 2.6 Dodging
 - Level 2.1 Stealth
 + Level 4.5 Spellcasting
 + Level 6.7 Ice Magic


You had 8 spell levels left.
You knew the following spells:

 Your Spells              Type           Power      Damage    Failure   Level
a - Freeze                Ice            88%        1d10      1%          1
b - Frozen Ramparts       Ice            44%        1d6       3%          3
c - Ozocubu's Armour      Ice            22%        N/A       3%          3

Your spell library contained the following spells:

 Spells                   Type           Power      Damage    Failure   Level
 Summon Small Mammal      Summ           12%        N/A       19%         1
 Hailstorm                Conj/Ice       12%        3d5       41%         4
 Call Canine Familiar     Summ           3%         N/A       50%         3
 Summon Guardian Golem    Hex/Summ       3%         N/A       50%         3


Dungeon Overview and Level Annotations

Branches:
Dungeon (5/15)
 Temple: D:4-7

Altars:
Dithmenos

Annotations:
D:3 3 runed translucent doors, Sassenached's ghost, amateur HOWn


Innate Abilities, Weirdness & Mutations

((You are quick and stealthy near water. (Stealth+, EV+, Speed+++)))
Your lower body shifts to a powerful aquatic tail in water.


Message History

Press: ? - help, Shift-Dir - straight line, f/p - hornet
Aim: a hornet (severely wounded)
You freeze the hornet.
The hornet is almost dead.
You feel very sick.
The hornet barely misses you. x2; The hornet stings you.
You suddenly lose the ability to move!
You feel sick. The hornet stings you!
You feel as though you will be slow longer.
You feel sick.
The hornet stings you but does no damage. x2
You can move again.
Unknown command.
Unknown command.
Casting: Freeze (safe; 1% risk of failure)
Confirm with . or Enter, or press ? or * to list all spells.
Aiming: Freeze (safe; 1% risk of failure)
Press: ? - help, Shift-Dir - straight line, f/p - hornet
Aim: a hornet (almost dead)
You freeze the hornet!
You kill the hornet!
You feel sick. The bullfrog skeleton hits you.
* * * LOW HITPOINT WARNING * * *
Unknown command.
You feel better.
You feel yourself speed up. The bullfrog skeleton hits you.
The bullfrog skeleton barely misses you.
You barely miss the bullfrog skeleton. The bullfrog skeleton hits you.
* * * LOW HITPOINT WARNING * * *
The bullfrog skeleton closely misses you.
You barely miss the bullfrog skeleton. The bullfrog skeleton hits you.
* * * LOW HITPOINT WARNING * * *
The bullfrog skeleton hits you but does no damage.
You barely miss the bullfrog skeleton. The bullfrog skeleton hits you.
* * * LOW HITPOINT WARNING * * *
The bullfrog skeleton hits you.
* * * LOW HITPOINT WARNING * * *
You barely miss the bullfrog skeleton. The bullfrog skeleton hits you.
You die...

...................,,,,,,,,,,,,,,
.................#********,****,*
...............#.#.......,,,,,*,*
.......#.#.......#.......,,,,,*,*
.......#.#.......#.....o.,,,,,*,*
#+#.##.#.#..$....#.......,,,,,*,*
#,#.##.#.#.......#?.oo.Z.,,,,,*,*
.,#.##.#.#.......#.......,,,,,*,*
###.##.#.#......@#.....S.,,,,,*,*
.....(...+......)Z)......*,****,*
###.##.#.#.......#######.,,* *,*
,,..##.#.#.....[..,,,<,,,,,****,*
,,,,*#.#.#......###******,,,,,,,,
,,,,*#.#.#.......,,,,,,**,,****,*
***,,..#.#.......,,,,,,**,,****,*
,****###.#####+.,,,,,,,*,,,,,,*,*
,+,,,,,...,,,,+,,,,,,,,*,,,,,,*,*


You could see a bullfrog skeleton.

Vanquished Creatures
  A hornet (D:5)
  3 scorpions
  A hound (D:4)
  An orc priest (D:5)
  Jessica (D:2)
  An iguana (D:5)
  4 gnolls (D:3)
  6 adders
  An adder zombie (D:5)
  2 dart slugs
  7 orcs (D:5)
  2 ball pythons (D:1)
  7 endoplasms
  3 giant cockroaches
  5 hobgoblins
  8 jackals
  5 quokkas
  4 bats
  4 frilled lizards
  7 goblins
  4 kobolds
  11 rats
88 creatures vanquished.

Notes
Turn   | Place    | Note
-------+----------+-------------------------------------------
     0 | D:1      | kae the Merfolk Ice Elementalist began the quest for the
                  | Orb.
     0 | D:1      | Reached XP level 1. HP: 13/13 MP: 3/3
   233 | D:1      | Found a faded altar of an unknown god.
   295 | D:1      | Reached XP level 2. HP: 16/20 MP: 1/5
   420 | D:1      | Reached skill level 1 in Fighting
  1203 | D:2      | Reached XP level 3. HP: 9/26 MP: 3/6
  1809 | D:2      | Noticed Jessica
  1813 | D:2      | Killed Jessica
  1814 | D:2      | Reached skill level 5 in Ice Magic
  1814 | D:2      | Reached XP level 4. HP: 33/33 MP: 8/8
  2373 | D:3      | Noticed Sassenached's ghost (amateur HOWn)
  2386 | D:3      | Found a runed translucent gate.
  2386 | D:3      | Found a runed translucent gate.
  2390 | D:3      | Found a runed translucent gate.
  2558 | D:3      | Reached XP level 5. HP: 38/39 MP: 9/9
  2562 | D:3      | Learned a level 3 spell: Frozen Ramparts
  2566 | D:3      | Learned a level 3 spell: Ozocubu's Armour
  2834 | D:3      | Found a shadowy altar of Dithmenos.
  3394 | D:4      | Reached XP level 6. HP: 45/47 MP: 11/11
  4259 | D:5      | Entered Level 5 of the Dungeon
  4435 | D:5      | Reached skill level 6 in Ice Magic
  4577 | D:5      | Reached XP level 7. HP: 53/54 MP: 8/13
  4585 | D:5      | Noticed a hornet
  4596 | D:5      | Paralysed by a hornet for 3 turns
  4599 | D:5      | Killed a hornet
  4603 | D:5      | HP: 1/55 [bullfrog skeleton (2)]
  4604 | D:5      | Slain by a bullfrog skeleton

Illustrated notes

Levels and vault maps discovered:
D:1:      lemuel_arrival_tunnels, layout_basic,
          hellmonk_ecumenical_altar_leap_of_faith
D:2:      layout_loops_ring, minmay_pentomino_u4, uniq_jessica
D:3:      layout_rooms, grunt_dithmenos_smoke_and_mirrors, gammafunk_ghost_split
D:4:      layout_loops_cross
D:5:      layout_basic

Skill      XL: |  1  2  3  4  5  6 |
---------------+-------------------+-----
Fighting       | 1 2 3 4 |  4.8
Ice Magic      | 5 6 |  6.7
Spellcasting   | 3 4 |  4.5
Dodging        | |  2.6
Stealth        | |  2.1

Action                   |  1- 3 |  4- 6 |  7- 9 || total
-------------------------+-------+-------+-------++-------
Melee: Unarmed           |     2 |       |       ||     2
       Mace              |     7 |       |       ||     7
       Dagger            |    16 |    81 |       ||    97
       Halberd           |       |    22 |    14 ||    36
 Cast: Freeze            |    34 |    22 |     5 ||    61
       Frozen Ramparts   |       |     5 |     1 ||     6
  Use: Scroll            |     6 |    11 |       ||    17
       Potion            |       |       |     1 ||     1
 Stab: Sleeping          |     4 |     5 |       ||     9
Armor: Robe              |     5 |    21 |     5 ||    31
Dodge: Dodged            |    29 |    69 |    15 ||   113

Table legend: (Time is in decaauts)
 A = Elapsed time spent in this place.
 B = Non-inter-level travel time spent in this place.
 C = Inter-level travel time spent in this place.
 D = Time resting spent in this place.
 E = Time spent auto-exploring this place.
 F = Levels seen in this place.
 G = Mean time per level.
                   A        B        C        D        E       F      G
               +--------+--------+--------+--------+--------+-----+--------+
         Total |   4623 |   4490 |    133 |    605 |   3257 |   5 |  924.6 |
       Dungeon |   4623 |   4490 |    133 |    605 |   3257 |   5 |  924.6 |
               +--------+--------+--------+--------+--------+-----+--------+

Top non-repeatable levels by time:
     D:1: 1188 daAuts
     D:2: 1168 daAuts
     D:3: 1046 daAuts
     D:4: 861 daAuts
     D:5: 358 daAuts
